 Dungeon Crawl Stone Soup version 0.28.0-45-g0d030f2227 (console) character file.

Game seed: 1932036522086953509

207 Banquo the Magician (level 6, -7/47 HPs)
             Began as a Djinni Cinder Acolyte on Apr 3, 2022.
             Was a High Priest of Ignis.
             Mangled by Crazy Yiuf
             ... wielding a +3 quarterstaff of chaos
              (9 damage)
             ... on level 3 of the Dungeon.
             The game lasted 00:07:08 (3575 turns).

Banquo the Magician (Djinni Cinder Acolyte)         Turns: 3575, Time: 00:07:11

Health: -7/47      AC:  4    Str: 13    XL:     6   Next: 11%
Gold:   211        EV: 11    Int: 17    God:    Ignis [*****.] SH:  0 Dex:  9

rFire   + + +      SeeInvis .   a - -1 short sword (flame)
rCold   x . .      Faith    .   (no shield)
rNeg    . . .      Spirit   .   b - +0 robe
rPois   ∞          Reflect  .   h - +1 helmet
rElec   .          Harm     .   (no cloak)
rCorr   .          Rampage  .   (no gloves)
Will    .....                   (boots unavailable)
Stlth   +.........              (no amulet)
HPRegen 0.15/turn               F - ring of protection from fire
MPRegen 0.00/turn               (no ring)

@: flying
A: sickness immunity, fire resistance 2, cold vulnerability 1, float, innate
caster, HP casting, extra vitality 1
a: Renounce Religion, Fiery Armour, Foxfire Swarm, Rising Flame


You were on level 3 of the Dungeon.
You worshipped Ignis.
Ignis was extremely pleased with you.
You visited 1 branch of the dungeon, and saw 4 of its levels.

You collected 211 gold pieces.

Inventory:

Hand Weapons
 a - a -1 short sword of flaming (weapon)
 m - a +1 vorpal mace
 n - a +0 dagger
 o - a +0 short sword
Missiles
 d - 89 stones
 i - 4 boomerangs
Armour
 b - a +0 robe (worn)
 h - a +1 helmet (worn)
Jewellery
 F - a ring of protection from fire (left hand)
Scrolls
 g - a scroll of teleportation
 k - 2 scrolls of identify {unknown}
Potions
 c - 2 potions of cancellation {unknown}
 j - 2 potions of mutation {unknown}
 l - 2 potions of heal wounds {unknown}


   Skills:
 * Level 3.9 Fighting
 + Level 3.1 Short Blades
 * Level 1.3 Dodging
 * Level 4.1 Spellcasting


You had 8 spell levels left.
You knew the following spells:

 Your Spells              Type           Power      Damage    Failure   Level
a - Sting                 Tmut/Pois      68%        1d6       3%          1
z - Scorch                Fire           34%        2d6       4%          2
B - Blink                 Tloc           34%        N/A       4%          2
Your spell library was empty.

Dungeon Overview and Level Annotations

Branches:
Dungeon (4/15)
 Temple: D:4-7

Altars:

Shops:
D:3 (

Annotations:
D:3 1 runed translucent door, Crazy Yiuf


Innate Abilities, Weirdness & Mutations

You are immune to sickness and miasma.
You are immune to poison.
Your flesh is very heat resistant. (rF++)
You are vulnerable to cold. (rC-)
You float through the air rather than walking.
You learn spells naturally, not from books.
Your magical power is your life essence.
You have superior vitality. (+4 MHP)


Message History

Okay, then.
As you read the scroll labelled LILUPL NIRA, it crumbles to dust.
It was a scroll of blinking.
As you read the scroll labelled YZOSAL BIANGIN, it crumbles to dust.
You feel strangely unstable.
It was a scroll of teleportation.
You fly upwards.
Level annotation: 1 runed translucent door, Crazy Yiuf
There is a stone staircase leading down here.
Your surroundings suddenly seem different.
Crazy Yiuf shouts!
Crazy Yiuf grits, "Ice green arm!"
Crazy Yiuf hits you with a +3 quarterstaff of chaos!
Unknown command.
Casting: Scorch (safe; 4% risk of failure)
Confirm with . or Enter, or press ? or * to list all spells.
Flames lash Crazy Yiuf but do no damage.
Crazy Yiuf hits you with a +3 quarterstaff of chaos!
Crazy Yiuf freezes you.
Unknown command.
Casting: Scorch (safe; 4% risk of failure)
Confirm with . or Enter, or press ? or * to list all spells.
Flames lash Crazy Yiuf.
Crazy Yiuf is lightly wounded.
Crazy Yiuf's fire resistance burns away.
Crazy Yiuf closely misses you.
Casting: Scorch (safe; 4% risk of failure)
Confirm with . or Enter, or press ? or * to list all spells.
Flames lash Crazy Yiuf.
Crazy Yiuf is lightly wounded.
* * * LOW HITPOINT WARNING * * *
Crazy Yiuf hits you with a +3 quarterstaff of chaos!
* * * LOW HITPOINT WARNING * * *
You resist with some effort.
Casting: Scorch (safe; 4% risk of failure)
Confirm with . or Enter, or press ? or * to list all spells.
Flames lash Crazy Yiuf.
Crazy Yiuf is burned terribly!
Crazy Yiuf is severely wounded.
* * * LOW HITPOINT WARNING * * *
Crazy Yiuf hits you with a +3 quarterstaff of chaos!
You die...

####.#......#......##...#........
####.######.#......##...#........
...........<........+............
###########.#......##...#........
...................##...#........
###########.###########.#########
#.# #.# #.# ##### #.# #.# #@.)#
#.# ####### #.# #g..# #.# #......
#.# #...# #.# #...... ###### #.#
##+## ### #...... .....# #.# ♣♣.♣
#...... .....######.# ♣.♣♣
#...... ..........#.# ♣♣.♣
####### ..........'.# ♣.♣♣ #
###.......#'# ♣♣.♣♣ ### #


You could see Crazy Yiuf (combustible).

Vanquished Creatures
  A necrophage (D:3)
  5 adders
  4 dart slugs
  2 orcs (D:3)
  7 ball pythons
  7 bats
  8 endoplasms
  2 giant cockroaches (D:2)
  3 goblins
  5 hobgoblins
  A jackal (D:2)
  A quokka (D:2)
  4 frilled lizards
  4 kobolds
  7 rats
61 creatures vanquished.

Notes
Turn   | Place    | Note
-------+----------+-------------------------------------------
     0 | D:1      | Banquo the Djinni Cinder Acolyte began the quest for the
                  | Orb.
     0 | D:1      | Reached XP level 1. HP: 20/20 MP: 0/0
    44 | D:1      | Found a faded altar of an unknown god.
   162 | D:1      | Reached XP level 2. HP: 25/25 MP: 0/0
   770 | D:1      | Reached XP level 3. HP: 25/30 MP: 0/0
   770 | D:1      | Learned a level 1 spell: Sting
  1582 | D:2      | Reached XP level 4. HP: 28/37 MP: 0/0
  1722 | D:2      | Reached skill level 3 in Spellcasting
  2620 | D:3      | Noticed a necrophage
  2628 | D:3      | Killed a necrophage
  2629 | D:3      | Reached skill level 1 in Dodging
  2629 | D:3      | Reached XP level 5. HP: 31/41 MP: 0/0
  2629 | D:3      | Learned a level 2 spell: Blink
  2777 | D:3      | Reached skill level 4 in Spellcasting
  2777 | D:3      | Reached XP level 6. HP: 40/47 MP: 0/0
  2925 | D:3      | Found a runed translucent door.
  2926 | D:3      | Noticed Crazy Yiuf
  3168 | D:3      | Found Limidoy's Weapon Emporium.
  3575 | D:3      | Mangled by Crazy Yiuf

Illustrated notes

Levels and vault maps discovered:
D:1:      pf_arrival_petrified_forest, layout_loops_cross,
          shapermc_ecumenical_altar_totnotflames, nicolae_figureground_sparkle
D:2:      layout_rooms, serial_curves, eino_curves_02, eino_curves_02,
          minmay_vboxes
D:3:      layout_basic, serial_shops, nicolae_shop_behind_doors,
          uniq_crazy_yiuf_cottage
D:4:      layout_basic, gammafunk_ghost_gnarly_gnolls

Skill      XL: |  1  2  3  4  5 |
---------------+----------------+-----
Short Blades   | 3 |  3.1
Spellcasting   | 3 4 |  4.1
Dodging        | 1 |  1.3
Fighting       | |  3.9

Action                   |  1- 3 |  4- 6 || total
-------------------------+-------+-------++-------
Melee: Short sword       |    41 |     1 ||    42
       Punch             |     1 |       ||     1
 Cast: Scorch            |    25 |    46 ||    71
  Use: Scroll            |       |     3 ||     3
Armor: Robe              |     8 |     4 ||    12
Dodge: Dodged            |    25 |    12 ||    37
